 Dungeon Crawl Stone Soup version 0.23.2-1-ga50397a6bc (webtiles) character file.

Game seed: 9478114053205721661

681 Lokunos the Grave Robber (level 7, 0/40 HPs)
             Began as a Gargoyle Necromancer on May 31, 2019.
             Was a Follower of Vehumet.
             Slain by a phantom (7 damage)
             ... on level 5 of the Dungeon.
             The game lasted 00:49:56 (5976 turns).

Lokunos the Grave Robber (Gargoyle Necromancer)     Turns: 5976, Time: 00:49:56

Health: 0/40       AC: 12    Str: 11    XL:     7   Next: 61%
Magic:  12/12      EV: 27    Int: 18    God:    Vehumet [*.....]
Gold:   294        SH:  0    Dex: 10    Spells: 12/13 levels left

rFire    . . .     SeeInvis .   t - +2 whip (drain)
rCold    + . .     Gourm    .   (no shield)
rNeg     + . .     Faith    .   a - +0 robe
rPois    ∞         Spirit   .   (no helmet)
rElec    +         Reflect  .   (no cloak)
rCorr    .         Harm     .   y - +2 pair of gloves
MR       .....                  i - +1 pair of boots
Stlth    ++........             h - amulet of the acrobat
HPRegen  0.13/turn              f - ring of protection from cold
MPRegen  0.13/turn              m - ring of wizardry

@: acrobat
A: negative energy resistance 1, electricity resistance, unbreathing,
petrification resistance, rot immunity, AC +4
a: Renounce Religion


You were on level 5 of the Dungeon.
You worshipped Vehumet.
Vehumet was aware of your devotion.
You were hungry.

You visited 1 branch of the dungeon, and saw 5 of its levels.

You collected 294 gold pieces.

Inventory:

Hand Weapons
 b - a +1 whip
 d - a +0 club
 n - a +0 hand axe
 t - a +2 whip of draining (weapon)
 u - a +0 dagger
 A - a +0 war axe of freezing
 E - a +0 spear
 G - a cursed -2 whip
 I - a +0 falchion
 K - a +0 giant club
Missiles
 w - 18 tomahawks (quivered)
 H - a throwing net
Armour
 a - a +0 robe (worn)
 g - a +0 leather armour
 i - a +1 pair of boots (worn)
 q - a +0 chain mail
 y - a +2 pair of gloves (worn)
 z - a +0 pair of gloves
 D - a +0 chain mail
Jewellery
 f - a ring of protection from cold (left hand)
 h - an amulet of the acrobat (around neck)
 m - a ring of wizardry (right hand)
 C - a +2 ring of strength {unknown}
 J - an uncursed ring of resist corrosion
Wands
 v - a wand of random effects (16)
Scrolls
 o - 2 scrolls of blinking
 B - 2 scrolls of remove curse
 L - 2 scrolls of teleportation {unknown}
 M - a scroll of fog
Potions
 c - a potion of flight {unknown}
 e - 2 potions of curing {unknown}
 j - a potion of agility {unknown}
 k - 2 potions of heal wounds {unknown}
 p - a potion of berserk rage
 r - a potion of resistance {unknown}
 s - 3 potions of haste {unknown}
 x - 2 potions of ambrosia {unknown}
 F - 2 potions of brilliance {unknown}
Comestibles
 l - 7 rations


   Skills:
 + Level 2.3 Fighting
 + Level 3.6 Maces & Flails
 + Level 1.4 Armour
 + Level 2.9 Dodging
 + Level 2.5 Stealth
 + Level 0.2 Unarmed Combat
 + Level 3.7 Spellcasting
 + Level 4.7 Necromancy


You had 12 spell levels left.
You knew the following spells:

 Your Spells              Type           Power        Failure   Level  Hunger
a - Pain                  Necr           ###.         1%          1    None

Your spell library contained the following spells:

 Spells                   Type           Power        Failure   Level  Hunger
 Freeze                   Ice            #...         6%          1    None
 Animate Skeleton         Necr           N/A          1%          1    None
 Vampiric Draining        Necr           ###.......   2%          3    ###....
 Regeneration             Chrm/Necr      ##........   7%          3    ###....
 Animate Dead             Necr           N/A          9%          4    ####...


Dungeon Overview and Level Annotations

Branches:
Dungeon (5/15)
 Temple: D:4-7

Altars:
Okawaru
Sif Muna
Vehumet
Wu Jian


Innate Abilities, Weirdness & Mutations

You are resistant to torment.
Your stone body is resilient. (AC +4)
You are immune to poison.
You resist negative energy. (rN+)
You are resistant to electric shocks. (rElec)
You can survive without breathing.
You are immune to petrification.
You are immune to rotting.


Message History

Vehumet accepts your kill.
Things that are here:
a +0 giant club; an ogre corpse
Casting: Pain (safe; 1% risk of failure)
Confirm with . or Enter, or press ? or * to list all spells.
Okay, then.
Okay, then.
Aiming: Random Effects
Press: ? - help, Shift-Dir - straight line, f - phantom
Aim: a phantom (lightly damaged)
The phantom seems to speed up.
You hit the phantom.
The phantom is moderately damaged.
The phantom hits you.
* * * LOW HITPOINT WARNING * * *
The phantom hits you.
* * * LOW HITPOINT WARNING * * *
The phantom blinks!
The phantom hits you!
You die...

...............####
..............#.##
....#.........#..#
....##..........##
............##..##
#...........#....##
..............#...#
..............#...##
..............#.@..####.
.......##........W......
......##......§.........
.....###....#.)...#.#...
.###. #....#...#.#.# #.
$ #.....#.#....## .
.......####.#...#
.......## .##....
......... .# ##..


You could see a phantom.

Vanquished Creatures
  2 ogres
  2 scorpions
  The ghost of gre3edy the Insei, a weakling DsGl (D:4)
  2 hounds (D:4)
  An orc priest (D:4)
  An iguana (D:3)
  Natasha (D:3)
  2 worker ants (D:4)
  2 gnolls (D:4)
  2 adders
  2 worms
  A dart slug (D:1)
  2 leopard geckos (D:3)
  17 orcs
  4 ball pythons
  5 giant cockroaches
  12 goblins
  12 hobgoblins
  7 jackals
  8 quokkas
  12 bats
  7 frilled lizards
  5 kobolds
  20 rats
130 creatures vanquished.

Vanquished Creatures (others)
  2 plants (D:4)
2 creatures vanquished.

Grand Total: 132 creatures vanquished

Notes
Turn   | Place    | Note
-------+----------+-------------------------------------------
     0 | D:1      | Lokunos the Gargoyle Necromancer began the quest for the
                  | Orb.
     0 | D:1      | Reached XP level 1. HP: 10/10 MP: 3/3
   496 | D:1      | Reached XP level 2. HP: 14/15 MP: 1/5
  1104 | D:1      | Reached XP level 3. HP: 19/19 MP: 6/6
  2157 | D:2      | Reached skill level 1 in Maces & Flails
  2157 | D:2      | Reached XP level 4. HP: 24/24 MP: 7/7
  2567 | D:3      | Reached skill level 1 in Armour
  2687 | D:3      | Noticed Natasha
  2705 | D:3      | Killed Natasha
  2705 | D:3      | Reached skill level 1 in Fighting
  2926 | D:3      | Found an iron altar of Okawaru.
  3047 | D:3      | Found a radiant altar of Vehumet.
  3057 | D:3      | Became a worshipper of Vehumet
  3135 | D:3      | Reached XP level 5. HP: 30/30 MP: 8/8
  4147 | D:4      | Reached skill level 4 in Necromancy
  4404 | D:4      | Found a runed translucent door.
  4405 | D:4      | Noticed gre3edy's ghost (weakling DsGl)
  4432 | D:4      | Killed gre3edy's ghost
  4432 | D:4      | Reached XP level 6. HP: 18/35 MP: 8/10
  4648 | D:4      | Reached * piety under Vehumet
  4648 | D:4      | Offered knowledge of Freeze by Vehumet.
  4875 | D:4      | Found a deep blue altar of Sif Muna.
  5084 | D:4      | Found an ornate altar of the Wu Jian Council.
  5179 | D:4      | Found a radiant altar of Vehumet.
  5223 | D:4      | Reached XP level 7. HP: 35/40 MP: 11/11
  5874 | D:5      | Entered Level 5 of the Dungeon
  5976 | D:5      | Slain by a phantom

Skill      XL: |  1  2  3  4  5  6  7 |
---------------+----------------------+-----
Maces & Flails | 1 2 3 |  3.6
Armour         | 1 |  1.4
Fighting       | 1 2 |  2.3
Dodging        | 2 |  2.9
Necromancy     | 4 |  4.7
Spellcasting   | 3 |  3.7
Stealth        | |  2.5
Unarmed Combat | |  0.2

Action                   |  1- 3 |  4- 6 |  7- 9 || total
-------------------------+-------+-------+-------++-------
Melee: Unarmed           |    29 |       |       ||    29
       Club              |     2 |       |       ||     2
       Whip              |   157 |   272 |    77 ||   506
 Cast: Pain              |    32 |    63 |    22 ||   117
Evoke: Wand              |       |       |     1 ||     1
  Use: Scroll            |     6 |     6 |       ||    12
  Eat: Ration            |     2 |     1 |       ||     3
       Chunk             |       |     5 |     2 ||     7
Armor: Robe              |     9 |    46 |    21 ||    76
       Leather armour    |    13 |       |       ||    13
       Chain mail        |   102 |    97 |       ||   199
Dodge: Dodged            |    77 |   132 |    46 ||   255
